 Dungeon Crawl Stone Soup version 0.18.1-48-g4cf74bf (webtiles) character file.

19160 Krapule the Fighter (level 12, -1/162 HPs)
             Began as a Minotaur Fighter on June 30, 2016.
             Was a High Priest of the Shining One.
             Slain by a slime creature (3 damage)
             ... on level 13 of the Dungeon.
             The game lasted 01:09:59 (10351 turns).

Krapule the Fighter (Minotaur Fighter)             Turns: 10351, Time: 01:10:02

Health: -1/162     AC: 26    Str: 20    XL:     12   Next: 34%
Magic:  15/15      EV:  2    Int:  5    God:    the Shining One [*****.]
Gold:   677        SH: 13    Dex: 16    Spells: 1 memorised, 14 levels left

rFire  . . .     SeeInvis .     a - +1 long sword
rCold  + . .     Gourm    .     (armour currently unavailable)
rNeg   + + +     Faith    .     c - +1 shield
rPois  +         Spirit   .     (helmet currently unavailable)
rElec  .         Dismiss  .     (cloak currently unavailable)
rCorr  .         Reflect  .     (gloves currently unavailable)
SustAt .         Harm     .     (boots currently unavailable)
MR     .....     NoTele   +     h - amulet of regeneration
Stlth  +.........               M - ring of protection from cold
                                g - +4 ring of evasion

@: tree-form, glowing, not resistant to hostile enchantments, very unstealthy
A: (retaliatory headbutt), (horns 0)
a: Divine Shield, Cleansing Flame, Summon Divine Warrior, Renounce Religion


You were on level 13 of the Dungeon.
You worshipped the Shining One.
The Shining One was extremely pleased with you.
You were not hungry.
You were a tree.
You visited 2 branches of the dungeon, and saw 15 of its levels.

You collected 677 gold pieces.

Inventory:

Hand Weapons
 a - a +1 long sword (weapon)
 B - a +1 scimitar
Armour
 b - a +0 scale mail (melded)
 c - a +1 shield (worn)
 n - a +2 cloak (melded)
 I - a +2 pair of gloves (melded)
 N - a +1 robe of magic resistance
Jewellery
 g - a +4 ring of evasion (left branch)
 h - an amulet of regeneration (around neck)
 i - a +2 amulet of reflection
 m - an uncursed ring of protection from magic
 s - an uncursed ring of protection from magic
 A - an uncursed ring of teleportation
 H - the ring of the Castellan {rPois rF- rC+ Str+6 Slay+2, unknown}
   (You found it on level 14 of the Dungeon)

   [ring of strength]

   It affects your strength (+6).
   It affects your accuracy and damage with ranged weapons and melee attacks
   (+2).
   It makes you vulnerable to fire.
   It protects you from cold.
   It protects you from poison.
 M - a ring of protection from cold (right branch)
Wands
 E - a wand of lightning (9/15)
 V - a wand of iceblast (8/15)
Scrolls
 e - a scroll of amnesia
 p - a scroll of noise {unknown}
 q - 3 scrolls of identify
 r - 3 scrolls of remove curse
 t - a scroll of fear
 u - a scroll of enchant weapon
 w - a scroll of enchant armour
 y - a scroll of fog {unknown}
 D - a scroll of immolation {unknown}
 F - a scroll of brand weapon {unknown}
 G - 2 scrolls of magic mapping {unknown}
 J - 2 scrolls of recharging {unknown}
 P - a scroll of acquirement {unknown}
 Q - a scroll of vulnerability {unknown}
 R - a scroll of torment {unknown}
Potions
 d - 2 potions of might
 v - a potion of curing
 T - a potion of agility
Books
 k - a book of Burglary

   Spells                             Type                      Level
   a - Swiftness                      Charms/Air                   2
   b - Passwall                       Transmutation/Earth          2
   c - Passage of Golubria            Translocation                4
   d - Lee's Rapid Deconstruction     Earth                        5
   e - Darkness                       Hexes                        6
   f - Invisibility                   Hexes                        6
 l - Sif Muna's Grimoire of Augmentations
   (You found it on level 2 of the Dungeon)

   Spells                             Type                      Level
   a - Infusion                       Charms                       1
 C - a book of Battle

   Spells                             Type                      Level
   a - Infusion                       Charms                       1
   b - Shroud of Golubria             Charms/Translocation         2
   c - Song of Slaying                Charms                       2
   d - Spectral Weapon                Hexes/Charms                 3
   e - Regeneration                   Charms/Necromancy            3
 L - a book of Fire

   Spells                             Type                      Level
   a - Ignite Poison                  Fire/Transmutation/Poison    3
   b - Fireball                       Conjuration/Fire             5
   c - Bolt of Fire                   Conjuration/Fire             6
   d - Delayed Fireball               Conjuration/Fire             7
   e - Ring of Flames                 Charms/Fire                  7
 O - a book of Envenomations

   Spells                             Type                      Level
   a - Spider Form                    Transmutation/Poison         3
   b - Olgreb's Toxic Radiance        Poison                       4
   c - Alistair's Intoxication        Transmutation/Poison         5
   d - Poisonous Cloud                Conjuration/Poison/Air       6
   The Shining One disapproves of the use of such an item.
 U - a book of Death

   Spells                             Type                      Level
   a - Corpse Rot                     Necromancy                   2
   b - Sublimation of Blood           Necromancy                   2
   c - Agony                          Necromancy                   5
   d - Dispel Undead                  Necromancy                   5
   e - Excruciating Wounds            Charms/Necromancy            5
   f - Bolt of Draining               Conjuration/Necromancy       5
   The Shining One disapproves of the use of such an item.
Comestibles
 f - 4 bread rations
 j - 7 meat rations
 o - 2 beef jerkies
 K - 10 royal jellies


   Skills:
 + Level 10.6 Fighting
 + Level 9.1 Long Blades
 + Level 9.9 Armour
 + Level 8.2 Dodging
 + Level 9.8 Shields
 + Level 3.2 Spellcasting
 * Level 3.8 Hexes
 * Level 4.0 Charms
 + Level 6.1 Invocations


You had 14 spell levels left.
You knew the following spells:

 Your Spells              Type           Power        Failure   Level  Hunger
a - Spectral Weapon       Hex/Chrm       #.......     50%         3    ####...


Dungeon Overview and Level Annotations

Branches:
Dungeon (14/15)            Temple (1/1) D:4            Lair (0/8) D:8
    Orc: D:9-12      Vaults: D:13-14

Altars:
Ashenzari
Cheibriados
Dithmenos
Elyvilon
Fedhas
Gozag
Kikubaaqudgha
Makhleb
Nemelex Xobeh
Okawaru
Pakellas
Qazlal
Ru
Sif Muna
Trog
Vehumet
Xom
Yredelemnul
Zin
The Shining One

Shops:
D:12 }

Portals:
Ice
Cave: D:14

Annotations:
D:4 Menkaure
D:13 Nessos, Rupert


Innate Abilities, Weirdness & Mutations

((You reflexively headbutt those who attack you in melee.))
((You have a pair of horns on your head.))


Message History

The slime creature is lightly wounded.
Nessos blinks!
You block the large slime creature's attack.
The slime creature hits you but does no damage.
You slash the slime creature!
The slime creature is heavily wounded.
The large slime creature hits you but does no damage.
You block the slime creature's attack.
You slash the slime creature!
The slime creature is heavily wounded.
You block the large slime creature's attack.
The slime creature hits you.
* * * LOW HITPOINT WARNING * * *
You slash the slime creature!
The slime creature is heavily wounded.
Nessos hits you but does no damage. You block Nessos's attack.
The large slime creature hits you!!
* * * LOW HITPOINT WARNING * * *
The slime creature hits you.
You die...

.... #.......# ....
........#.......# ....
.........#.##....# ....
.........' #....# ....
.........# #....# ....
.........# #....# ....
.........# #....# ....
.......c.# #....# ....
.......J♣# .....# ###
#######J## ......#
........J# .....
................#......
................'.# .
...............#......
..
#....##.......#......
..##....##.......#
.....
.................#
..###


You could see Nessos, a large slime creature and a slime creature.

Vanquished Creatures
  Sonja (D:14)
  2 unseen horrors
  4 hill giants
  A griffon (D:13)
  3 ugly things
  A cyclops (D:11)
  Psyche (D:8)
  Maurice (D:13)
  Joseph (D:7)
  2 gargoyles
  A kobold demonologist (D:9)
  A komodo dragon (D:11)
  2 two-headed ogres
  A redback (shapeshifter) (D:14)
  2 wraiths (D:14)
  A wyvern (D:8)
  13 yaks
  Eustachio (D:4)
  A basilisk (D:11)
  4 vampire mosquitoes
  The ghost of Krapule the Caller, an amateur MfSu (D:3)
  3 hippogriffs
  3 orc warriors
  7 ice beasts
  5 phantoms
  4 necrophages
  4 ogres
  4 centaurs
  A crocodile (D:8)
  7 big kobolds
  6 giant frogs
  4 scorpions
  A water moccasin skeleton (D:7)
  14 killer bees
  18 wights
  4 howler monkeys
  A wasp zombie (D:6)
  7 crimson imps
  2 giant frog zombies
  A centaur zombie (D:5)
  7 jellies
  7 hounds
  7 orc wizards
  A quasit (D:11)
  An orc priest (D:12)
  Crazy Yiuf (D:6)
  A gnoll shaman (D:5)
  2 centaur skeletons
  5 iguanas
  3 giant frog skeletons
  6 worker ants
  4 sheep
  3 hound zombies
  A hound skeleton (D:8)
  A worker ant zombie (D:6)
  17 gnolls
  12 adders
  A howler monkey skeleton (D:5)
  2 shadow imps
  12 white imps (D:14)
  6 oozes
  3 worms
  An adder skeleton (D:4)
  A dart slug (D:3)
  6 giant geckos
  19 orcs
  5 bats
  5 giant cockroaches
  9 goblins
  10 hobgoblins
  7 jackals
  3 quokkas
  4 ball pythons
  A giant gecko zombie (D:6)
  4 giant newts
  41 kobolds
  A quokka skeleton (D:9)
  11 rats
  A bush (D:6)
373 creatures vanquished.

Vanquished Creatures (others)
  A centaur (D:7)
  5 plants
6 creatures vanquished.

Grand Total: 379 creatures vanquished

Notes
Turn   | Place    | Note
--------------------------------------------------------------
     0 | D:1      | Krapule the Minotaur Fighter began the quest for the Orb.
     0 | D:1      | Reached XP level 1. HP: 19/19 MP: 0/0
   184 | D:1      | Reached XP level 2. HP: 25/26 MP: 1/1
   385 | D:2      | Found a burning altar of Makhleb.
   432 | D:2      | Reached skill level 1 in Dodging
   436 | D:2      | Reached XP level 3. HP: 33/33 MP: 2/2
   482 | D:2      | Found a radiant altar of Vehumet.
   494 | D:2      | Found an ancient bone altar of Kikubaaqudgha.
   495 | D:2      | Found a deep blue altar of Sif Muna.
   500 | D:2      | Identified Sif Muna's Grimoire of Augmentations
   600 | D:2      | Reached skill level 4 in Fighting
   654 | D:2      | Found a shadowy altar of Dithmenos.
   656 | D:2      | Found a bloodstained altar of Trog.
   658 | D:2      | Found a sacrificial altar of Ru.
   885 | D:3      | Found a faded altar to an unknown god.
   885 | D:3      | Noticed a phantom
   898 | D:2      | Reached XP level 4. HP: 40/40 MP: 3/3
  1049 | D:3      | Killed a phantom
  1049 | D:3      | Reached XP level 5. HP: 31/47 MP: 4/4
  1075 | D:3      | Noticed Krapule's ghost (amateur MfSu)
  1819 | D:3      | Reached skill level 5 in Shields
  1824 | D:3      | Found a glowing silver altar of Zin.
  1877 | D:3      | Reached XP level 6. HP: 39/55 MP: 5/5
  1985 | D:4      | Reached skill level 5 in Fighting
  2097 | D:4      | Noticed Menkaure
  2274 | D:3      | Found a white marble altar of Elyvilon.
  2505 | D:4      | Found a shattered altar of Ashenzari.
  2536 | D:4      | Reached skill level 5 in Armour
  2551 | D:4      | Found an oddly glowing altar of Pakellas.
  2566 | D:4      | Noticed Eustachio
  2594 | D:5      | Entered Level 5 of the Dungeon
  2786 | D:5      | Reached XP level 7. HP: 61/61 MP: 6/6
  3029 | D:5      | Reached skill level 5 in Long Blades
  3248 | D:5      | Reached skill level 6 in Fighting
  3616 | D:5      | Reached XP level 8. HP: 71/71 MP: 7/7
  3659 | D:3      | Killed Krapule's ghost
  4067 | D:4      | Killed Eustachio
  4075 | D:4      | Found a staircase to the Ecumenical Temple.
  4097 | Temple   | Entered the Ecumenical Temple
  4111 | Temple   | Became a worshipper of the Shining One
  4436 | D:6      | Found a basalt altar of Yredelemnul.
  4594 | D:6      | Reached skill level 7 in Fighting
  4795 | D:6      | Found a blossoming altar of Fedhas.
  4826 | D:6      | Noticed Crazy Yiuf
  4842 | D:6      | Killed Crazy Yiuf
  4902 | D:6      | Reached skill level 1 in Invocations
  4930 | D:6      | Reached skill level 5 in Dodging
  5022 | D:6      | Reached * piety under the Shining One
  5022 | D:6      | Reached XP level 9. HP: 79/79 MP: 9/9
  5359 | D:7      | Reached ** piety under the Shining One
  5372 | D:7      | Reached skill level 8 in Fighting
  5456 | D:7      | Noticed Joseph
  5474 | D:7      | Killed Joseph
  5899 | D:8      | Found a staircase to the Lair.
  5943 | D:8      | Noticed Psyche
  5947 | D:8      | Killed Psyche
  5947 | D:8      | Reached XP level 10. HP: 64/89 MP: 11/11
  7006 | D:9      | Reached skill level 1 in Spellcasting
  7012 | D:9      | Learned a level 3 spell: Spectral Weapon
  7070 | D:9      | Noticed a rust devil
  7073 | D:9      | Noticed a sixfirhy
  7423 | D:9      | Found a stormy altar of Qazlal.
  7497 | D:10     | Entered Level 10 of the Dungeon
  7499 | D:10     | Reached *** piety under the Shining One
  7513 | D:10     | Reached skill level 1 in Charms
  7516 | D:10     | Reached skill level 9 in Fighting
  7565 | D:10     | Noticed a hill giant
  7814 | D:10     | Killed a hill giant
  7814 | D:10     | Reached skill level 1 in Hexes
  7896 | D:10     | Got a polished dagger
  7897 | D:10     | Identified the +5 dagger "Cuim" {drain, +Rage rElec rC+} (You found it on level 10 of the Dungeon)
  7956 | D:10     | Reached XP level 11. HP: 96/96 MP: 13/13
  7976 | D:10     | Reached skill level 5 in Invocations
  8246 | D:11     | Noticed a brown ugly thing
  8272 | D:11     | Killed a brown ugly thing
  8274 | D:11     | Reached skill level 10 in Fighting
  8326 | D:11     | Noticed a purple ugly thing
  8344 | D:11     | Noticed a seven-headed hydra
  8396 | D:11     | Found an ancient bone altar of Kikubaaqudgha.
  8398 | D:11     | Noticed a hill giant
  8413 | D:11     | Killed a hill giant
  8458 | D:11     | Noticed a hill giant
  8469 | D:11     | Killed a hill giant
  8618 | D:11     | Noticed a seven-headed hydra
  9132 | D:11     | Noticed an unseen horror
  9132 | D:11     | Noticed a hill giant
  9149 | D:11     | Killed an unseen horror
  9158 | D:11     | Killed a hill giant
  9176 | D:11     | Killed a purple ugly thing
  9248 | D:11     | Reached **** piety under the Shining One
  9393 | D:12     | Found a shattered altar of Ashenzari.
  9398 | D:12     | Found Deynlir's Gadget Shop.
  9398 | D:12     | Noticed an eight-headed hydra
  9465 | D:12     | Noticed a white ugly thing
  9484 | D:12     | Killed a white ugly thing
  9837 | D:13     | Noticed Maurice
  9859 | D:13     | Reached XP level 12. HP: 91/106 MP: 15/15
  9889 | D:13     | Noticed Nessos
 10114 | D:13     | Noticed Rupert
 10172 | D:13     | Killed Maurice
 10223 | D:14     | Found a frozen archway.
 10233 | D:14     | Noticed Sonja
 10273 | D:14     | Reached ***** piety under the Shining One
 10280 | D:14     | Got a fine wooden ring
 10288 | D:14     | Killed Sonja
 10321 | D:14     | Noticed a death knight
 10330 | D:13     | Paralysed by Rupert for 6 turns
 10351 | D:13     | HP: 2/162 [large slime creature (26)]
 10351 | D:13     | Slain by a slime creature

Skill      XL: |  1  2  3  4  5  6  7  8  9 10 11 12 |
---------------+-------------------------------------+-----
Long Blades    | 3 4 5 6 8 9 |  9.1
Shields        | 4 5 6 7 8 9 |  9.8
Dodging        | 1 2 3 4 5 6 7 8 |  8.2
Fighting       | 4 5 6 7 8 9 10 | 10.6
Armour         | 4 5 7 8 9 |  9.9
Invocations    | 1 3 4 5 6 |  6.1
Spellcasting   | 1 2 3 |  3.2
Charms         | 2 3 4 |  4.0
Hexes          | 1 3 |  3.8

Action                   |  1- 3 |  4- 6 |  7- 9 | 10-12 || total
-------------------------+-------+-------+-------+-------++-------
Melee: Long sword        |    88 |   160 |   368 |   724 ||  1340
       Headbutt          |    12 |    29 |    83 |   175 ||   299
       Scimitar          |       |       |       |    35 ||    35
Invok: Divine Shield     |       |       |       |     8 ||     8
  Use: Scroll            |       |     2 |     1 |    10 ||    13
       Potion            |       |     1 |     1 |     7 ||     9
  Eat: Chunk             |       |     6 |     9 |    13 ||    28
       Fruit             |       |       |     1 |     2 ||     3
       Bread ration      |       |       |       |     1 ||     1
Armor: Scale mail        |    30 |    37 |    82 |   195 ||   344
       Skin              |       |       |       |     7 ||     7
Dodge: Dodged            |    30 |    76 |   127 |   414 ||   647
Block: Shield            |    54 |   125 |   213 |   564 ||   956
       Reflection        |     2 |     3 |     6 |       ||    11
